[Event "*** Titled Tuesday Blitz"]
[Site "Chess.com"]
[Date "2021.03.02"]
[Round "8"]
[White "miredenizdogan"]
[Black "zmeeed67"]
[Result "0-1"]
[WhiteElo "2289"]
[BlackElo "2432"]
[TimeControl "180+1"]
[EndTime "11:28:05 PST"]
[Termination "zmeeed67 won by resignation"]

1. d4 Nc6 2. c4 e5 3. d5 Nce7 4. Nc3 Ng6 5. e4 Bc5 6. Nf3 Nf6 7. g3 O-O 8. Bg2 d6 9. Qe2 h6 10. Be3 Bxe3 11. Qxe3 Ng4 12. Qe2 f5 13. h3 Nf6 14. Nd2 f4 15. O-O-O a6 16. Bf3 Bd7 17.
Kb1 b5 18. cxb5 axb5 19. h4 b4 20. Nb5 Qb8 21. a4 bxa3 0-1

[Event "*** Titled Tuesday Blitz"]
[Site "Chess.com"]
[Date "2021.03.02"]
[Round "8"]
[White "djano"]
[Black "rquery98"]
[Result "0-1"]
[WhiteElo "2483"]
[BlackElo "2642"]
[TimeControl "180+1"]
[EndTime "11:28:07 PST"]
[Termination "rquery98 won by resignation"]

1. e4 e5 2. Nf3 Nc6 3. Bb5 a6 4. Ba4 Nge7 5. O-O g6 6. c3 Bg7 7. d4 exd4 8. cxd4 O-O 9. d5 b5 10. Bb3 Na5 11. Bc2 d6 12. Nc3 h6 13. Rb1 c5 14. dxc6 Naxc6 15. Bf4 Ne5 16. h3 Bb7 17.
Nd5 Nxd5 18. exd5 Rc8 19. Bb3 Re8 20. a4 Nc4 21. axb5 axb5 22. Nd4 Qb6 23. Bxc4 Rxc4 24. Re1 Rxe1+ 25. Qxe1 Qxd4 26. Qe8+ Kh7 27. Qxf7 Qxd5 0-1

[Event "*** Titled Tuesday Blitz"]
[Site "Chess.com"]
[Date "2021.03.02"]
[Round "8"]
[White "MuhittinBuker"]
[Black "XanoushX_X"]
[Result "0-1"]
[WhiteElo "2140"]
[BlackElo "2488"]
[TimeControl "180+1"]
[EndTime "11:28:09 PST"]
[Termination "XanoushX_X won by resignation"]

1. c4 c6 2. d4 d5 3. Nc3 Nf6 4. Nf3 e6 5. Bg5 a6 6. cxd5 exd5 7. e3 Be7 8. Qc2 O-O 9. Bd3 Nbd7 10. O-O Re8 11. Rab1 Nf8 12. b4 Ne4 13. Bxe7 Qxe7 14.
Bxe4 dxe4 15. Nd2 f5 16. g3 g5 17. Nc4 Ng6 18. Nb6 Rb8 19. Nxc8 Rbxc8 20. Na4 f4 21. gxf4 gxf4 22. Kh1 f3 23. Rg1 Qh4 24. Rg3 Rcd8 25. Rbg1 Rd5 26. Nc5 Rh5 27. R1g2 fxg2+ 28. Rxg2 Rg5 29.
Rxg5 Qxg5 30. Nxe4 Qf5 31. Qc4+ Qe6 0-1

[Event "*** Titled Tuesday Blitz"]
[Site "Chess.com"]
[Date "2021.03.02"]
[Round "8"]
[White "redblizzard"]
[Black "pavelalexandru07"]
[Result "1-0"]
[WhiteElo "2447"]
[BlackElo "2297"]
[TimeControl "180+1"]
[EndTime "11:28:09 PST"]
[Termination "redblizzard won by resignation"]

1. e4 c5 2. Nf3 d6 3. Bc4 Nf6 4. d3 e6 5. O-O Be7 6. Nbd2 O-O 7. c3 a6 8. Bb3 Nc6 9. Re1 Re8 10. Nf1 b5 11. Ng3 Bb7 12. h3 Qc7 13. Nh2 Rad8 14.
Ng4 d5 15. Nxf6+ Bxf6 16. Nh5 dxe4 17. Nxf6+ gxf6 18. Qg4+ Kh8 19. dxe4 Ne5 20. Qf4 Qe7 21. Bc2 c4 22. Be3 Rg8 23. Bd4 Rg5 24. f3 Rdg8 25. Re2 Nd7 26. Qc7 Ba8 27. Rd1 e5 28. Be3 1-0

[Event "*** Titled Tuesday Blitz"]
[Site "Chess.com"]
[Date "2021.03.02"]
[Round "8"]
[White "wannabe2700"]
[Black "googlegoom"]
[Result "1-0"]
[WhiteElo "2703"]
[BlackElo "2467"]
[TimeControl "180+1"]
[EndTime "11:28:10 PST"]
[Termination "wannabe2700 won by resignation"]

1. b3 b6 2. Bb2 Bb7 3. e3 e6 4.
f4 Nf6 5. Nf3 Be7 6. Be2 c5 7.
O-O O-O 8. Qe1 Nc6 9. Qg3 Ne8 10. d3 Bf6 11. Ne5 d6 12. Nxc6 Bxc6 13. c3 b5 14. e4 a5 15. e5 dxe5 16. fxe5 Be7 17. Nd2 a4 18. Bf3 Bxf3 19. Qxf3 Nc7 20. Ne4 Nd5 21.
h3 Qb6 22. Kh2 h6 23. Rab1 axb3 24. axb3 Ra2 25. Bc1 Qc7 26. Qg3 f5 27. Bxh6 Bd8 28. Nd6 f4 29. Qg6 f3 30. Qxe6+ Kh8 31. Qxd5 Rxg2+ 32. Kh1 gxh6 33. Rxf3 1-0

[Event "*** Titled Tuesday Blitz"]
[Site "Chess.com"]
[Date "2021.03.02"]
[Round "8"]
[White "Angel_Hranitel_37"]
[Black "BabyBoss31"]
[Result "1-0"]
[WhiteElo "2495"]
[BlackElo "2337"]
[TimeControl "180+1"]
[EndTime "11:28:10 PST"]
[Termination "Angel_Hranitel_37 won by resignation"]

1. e4 c6 2. d4 d5 3. e5 c5 4.
c4 cxd4 5. Nf3 Bg4 6. Qxd4 Bxf3 7. gxf3 Nc6 8. Qxd5 Qxd5 9. cxd5 Nxe5 10. Bb5+ Nd7 11. Nc3 a6 12. Bxd7+ Kxd7 13. Be3 Nf6 14.
O-O-O Rc8 15. f4 e6 16. dxe6+ Kxe6 17. Kc2 Bb4 18. Rhg1 g6 19. Rg5 Bxc3 20. bxc3 Nd7 21. Rgd5 Rc7 22. f5+ gxf5 23. Bf4 Rhc8 24. Rd6+ Ke7 25.
Re1+ Kf8 26. Bh6+ Kg8 27. Rg1+ Kh8 28. Bg7+ Kg8 29. Rd5 Nf8 30. Be5+ Ng6 31. Bxc7 Rxc7 32. Rxf5 Rc4 33. Rd1 Rc7 34. Rd4 Kg7 35. h4 Re7 36. h5 Nf8 37. Rg4+ Kh8 38. Rfg5 1-0

[Event "*** Titled Tuesday Blitz"]
[Site "Chess.com"]
[Date "2021.03.02"]
[Round "8"]
[White "MerryPoppies"]
[Black "Romadk"]
[Result "0-1"]
[WhiteElo "2136"]
[BlackElo "2366"]
[TimeControl "180+1"]
[EndTime "11:28:15 PST"]
[Termination "Romadk won on time"]

1. d4 Nf6 2. Nf3 d5 3. Bf4 c5 4. c3 Nc6 5. e3 Qb6 6. Qb3 c4 7. Qc2 Bf5 8. Qc1 e6 9. Be2 h6 10. Bd1 Nh5 11. Bg3 Nxg3 12. hxg3 Qd8 13. Bc2 Bg4 14.
Nbd2 Bd6 15. e4 b5 16. e5 Be7 17. b3 b4 18. cxb4 Bxb4 19. a3 c3 20. axb4 cxd2+ 21. Qxd2 Qb6 22. Bd3 Nxb4 23. O-O O-O 24. Bb1 Nc6 25.
Rd1 Rfc8 26. Nh4 Bxd1 27. Qd3 Qxd4 28. Qh7+ Kf8 29. Ng6+ fxg6 30. Bxg6 Qxa1 0-1

[Event "*** Titled Tuesday Blitz"]
[Site "Chess.com"]
[Date "2021.03.02"]
[Round "8"]
[White "pedro_nascimento85"]
[Black "Alexandercs432"]
[Result "1-0"]
[WhiteElo "2101"]
[BlackElo "2167"]
[TimeControl "180+1"]
[EndTime "11:28:15 PST"]
[Termination "pedro_nascimento85 won by resignation"]

1. d4 Nf6 2. c4 e6 3. Nc3 Bb4 4. Qc2 O-O 5. e4 d5 6. e5 Ne4 7. cxd5 exd5 8. Bd3 c5 9. a3 Bxc3+ 10. bxc3 cxd4 11.
cxd4 Nc6 12. Ne2 f5 13. O-O Be6 14. f3 Ng5 15. Be3 g6 16. Qd2 Nf7 17. Nf4 Re8 18.
Rfc1 Rc8 19. Rab1 Na5 20. Nxe6 Rxe6 21. Rxc8 Qxc8 22. Qxa5 Qd7 23. Qxa7 Nd8 24. a4 Kg7 25. Bb5 Re7 26. Bxd7 Rxd7 27. Rc1 Ne6 28. Qb6 Rf7 29. Qxe6 1-0

[Event "*** Titled Tuesday Blitz"]
[Site "Chess.com"]
[Date "2021.03.02"]
[Round "8"]
[White "zim0ne"]
[Black "Chesspirate_Channel"]
[Result "0-1"]
[WhiteElo "2496"]
[BlackElo "2364"]
[TimeControl "180+1"]
[EndTime "11:28:16 PST"]
[Termination "Chesspirate_Channel won by checkmate"]

1. e4 e5 2. Nf3 d5 3. Nxe5 Bd6 4. d4 dxe4 5. Bc4 Bxe5 6. dxe5 Qxd1+ 7. Kxd1 Nc6 8. Re1 Bg4+ 9. f3 exf3 10. gxf3 Bxf3+ 11. Kd2 O-O-O+ 12. Kc3 Bh5 13. Bg5 Re8 14. Bf4 Nge7 15. Bg3 Nf5 16. Bf4 h6 17. e6 f6 18. Na3 g5 19. Bd2 Ne5 20. Bb3 Nf3 21. Re4 Nxd2 22.
Kxd2 Rd8+ 23. Kc3 Nd6 24. Re3 f5 25. Rae1 Ne4+ 26. Kb4 c5+ 27. Ka5 b6+ 28. Ka6 Kb8 29. Nc4 Be8 30. Ne5 c4 31. Bxc4 Nc5# 0-1

[Event "*** Titled Tuesday Blitz"]
[Site "Chess.com"]
[Date "2021.03.02"]
[Round "8"]
[White "muchojogo"]
[Black "sergeikim"]
[Result "0-1"]
[WhiteElo "2369"]
[BlackElo "2528"]
[TimeControl "180+1"]
[EndTime "11:28:20 PST"]
[Termination "sergeikim won by checkmate"]

1. e4 e5 2. Nf3 Nc6 3. Bc4 Bc5 4. c3 Nf6 5. d4 exd4 6. e5 d5 7. Bb5 Ne4 8. cxd4 Bb6 9. Nc3 O-O 10. Be3 Bg4 11. h3 Bh5 12. Qc2 Bg6 13. Qb3 Ne7 14.
O-O c6 15. Be2 Nf5 16. Rad1 Nxe3 17. fxe3 Ng3 18. Rf2 Nxe2+ 19. Rxe2 f6 20. Ree1 Bh5 21. g4 fxe5 22. Nxe5 Qh4 23. Qc2 Bg6 24. Qg2 Ba5 25. Rf1 Bxc3 26. bxc3 Be4 27. Qh2 h5 28. Rxf8+ Rxf8 29. Rf1 Rxf1+ 30. Kxf1 hxg4 31. Nxg4 Bd3+ 32. Kg1 Qe1+ 33.
Kg2 Be4# 0-1

[Event "*** Titled Tuesday Blitz"]
[Site "Chess.com"]
[Date "2021.03.02"]
[Round "8"]
[White "Matols"]
[Black "whogeeyao"]
[Result "0-1"]
[WhiteElo "2267"]
[BlackElo "2388"]
[TimeControl "180+1"]
[EndTime "11:28:20 PST"]
[Termination "whogeeyao won by resignation"]

1. d4 Nf6 2. c4 g6 3. g3 c6 4. Bg2 d5 5. b3 Bg7 6. Nf3 O-O 7. O-O Re8 8. Nc3 Ne4 9. Bb2 Qb6 10. Nxe4 dxe4 11.
Ne5 f5 12. f3 Bxe5 13. c5 Qa5 14. dxe5 exf3 15. exf3 Qxc5+ 16. Bd4 Qa5 17. e6 Bxe6 18. Re1 Bf7 19. f4 Nd7 20. Bb2 Nf6 21. Qc2 Rad8 22. Rxe7 Rxe7 23. Bxf6 Rd2 24. Qc1 Ree2 25. Qf1 Qc5+ 26.
Kh1 Rxg2 0-1

[Event "*** Titled Tuesday Blitz"]
[Site "Chess.com"]
[Date "2021.03.02"]
[Round "8"]
[White "CM_rui"]
[Black "salomez"]
[Result "1-0"]
[WhiteElo "2344"]
[BlackElo "2214"]
[TimeControl "180+1"]
[EndTime "11:28:22 PST"]
[Termination "CM_rui won on time"]

1. e4 c5 2. Nf3 e6 3. c4 Nc6 4. d4 cxd4 5. Nxd4 Nf6 6. Nc3 Qb6 7. Be3 Qxb2 8. Ndb5 Bb4 9. Bd2 Nd4 10. Rb1 Nxb5 11.
Rxb2 Nxc3 12. Qc2 Ncxe4 13. Bxb4 a5 14. Ba3 d6 15. f3 Nc5 16. Bd3 Bd7 17. O-O Bc6 18.
Bxc5 dxc5 19. Be4 Nxe4 20. fxe4 O-O 21. e5 Rfd8 22. Qf2 1-0

[Event "*** Titled Tuesday Blitz"]
[Site "Chess.com"]
[Date "2021.03.02"]
[Round "8"]
[White "Mazanchenko_Dmitry"]
[Black "fabianvivasz"]
[Result "0-1"]
[WhiteElo "2108"]
[BlackElo "2336"]
[TimeControl "180+1"]
[EndTime "11:28:23 PST"]
[Termination "fabianvivasz won by checkmate"]

1. e4 e5 2. Nf3 Nc6 3. d4 exd4 4. Bc4 Nf6 5. e5 d5 6. Bb5 Ne4 7. Nxd4 Bc5 8. Nxc6 Bxf2+ 9. Kf1 bxc6 10. Bxc6+ Bd7 11. Qxd5 O-O 12. Bxd7 Qh4 13. g3 Bxg3 14. Bc6 Qh3+ 15. Ke2 Qg2+ 16. Ke3 Bf2+ 17. Kf4 g5+ 18. Kf5 Qf3+ 19.
Bf4 Qxf4# 0-1

[Event "*** Titled Tuesday Blitz"]
[Site "Chess.com"]
[Date "2021.03.02"]
[Round "8"]
[White "lamomiablanca"]
[Black "superchess02"]
[Result "0-1"]
[WhiteElo "2375"]
[BlackElo "2774"]
[TimeControl "180+1"]
[EndTime "11:28:25 PST"]
[Termination "superchess02 won by checkmate"]

1. e4 c5 2. d3 d6 3. g3 Nf6 4. Bg2 g6 5. f4 Bg7 6. Nf3 O-O 7.
O-O Nc6 8. c3 Rb8 9. a4 c4 10. Re1 cxd3 11. Qxd3 Nd7 12. Qc2 b5 13. axb5 Rxb5 14. Be3 a5 15. Nbd2 Qc7 16. Rec1 Qb8 17.
Ra2 Nc5 18. Rb1 Be6 19. Raa1 Rc8 20. Bf1 Rb7 21. Bxc5 dxc5 22. Bc4 Bxc4 23. Nxc4 Qa7 24. e5 Qa6 25. Qe4 Rcb8 26. Ng5 h6 27. Nf3 Nd4 28. Nfd2 Nb3 29. Nxb3 Rxb3 30. Rxa5 Qc8 31. e6 f5 32. Qd5 Bxc3 33. Rxc5 Qd8 34. Qxd8+ Rxd8 35.
Rc6 Kg7 36. Kg2 Kf6 37. Rb6 Rxb6 38. Nxb6 Rd2+ 39. Kf3 Bd4 40. b4 Rf2# 0-1

[Event "*** Titled Tuesday Blitz"]
[Site "Chess.com"]
[Date "2021.03.02"]
[Round "8"]
[White "Unknown_IM"]
[Black "Nikolaj_6"]
[Result "1-0"]
[WhiteElo "2384"]
[BlackElo "2660"]
[TimeControl "180+1"]
[EndTime "11:28:25 PST"]
[Termination "Unknown_IM won by resignation"]

1. e4 c5 2. Nf3 d6 3. c3 Nf6 4. Be2 Bd7 5. Qc2 Qc7 6. O-O g6 7. Bd1 Bc6 8. Re1 c4 9. d4 cxd3 10. Qxd3 Nbd7 11. b4 b6 12. Bb3 Bg7 13. Bxf7+ Kxf7 14. Ng5+ Kg8 15. Qc4+ d5 16. exd5 b5 17. Qxc6 Qxc6 18.
dxc6 Nb6 19. Ne6 Nfd5 20. Nxg7 Kxg7 21. Be3 Nxe3 22. Rxe3 Kf7 23. Na3 a6 24. Rae1 Ra7 25.
Nc2 Nd5 26. Rf3+ Kg7 27. Nd4 Rc8 28. Re6 Rb8 29. g3 a5 30. a3 axb4 31. axb4 Ra3 32. Re5 Nxc3 33. Ne6+ Kg8 34. c7 Rc8 35. Kg2 Nb1 36.
Rf8+ Rxf8 37. Nxf8 Rc3 38. Ne6 Kf7 39. Rc5 1-0

[Event "*** Titled Tuesday Blitz"]
[Site "Chess.com"]
[Date "2021.03.02"]
[Round "8"]
[White "delphin11"]
[Black "chesslh19"]
[Result "1-0"]
[WhiteElo "2578"]
[BlackElo "2241"]
[TimeControl "180+1"]
[EndTime "11:28:26 PST"]
[Termination "delphin11 won by resignation"]

1. Nf3 d5 2. g3 Bg4 3. Bg2 Nd7 4. c4 e6 5. cxd5 exd5 6. O-O Ngf6 7. d3 Bd6 8. Nc3 c6 9. e4 dxe4 10. dxe4 Ne5 11.
Bf4 Nxf3+ 12. Bxf3 Bxf4 13. Bxg4 Bc7 14. Bf3 Qxd1 15.
Raxd1 O-O 16. Bg2 Rad8 17. f4 Bb6+ 18. Kh1 Ng4 19. Rxd8 Rxd8 20. h3 Ne3 21. Re1 Nxg2 22. Kxg2 Rd2+ 23. Re2 Rxe2+ 24. Nxe2 Kf8 25. Kf3 Ke7 26.
e5 f6 27. Ke4 fxe5 28. fxe5 Bc7 29. g4 b6 30. Nd4 c5 31. Nf5+ Kf7 32. Kd5 g6 33.
Nd6+ Ke7 34. Nc8+ Kd7 35. Nxa7 Bd8 36. e6+ Ke8 37. Nc8 Bf6 38. b3 Bd4 39. Nxb6 Ke7 40.
Nc8+ Kd8 41. Nd6 1-0

[Event "*** Titled Tuesday Blitz"]
[Site "Chess.com"]
[Date "2021.03.02"]
[Round "8"]
[White "VladaSviridova"]
[Black "The_Machine04"]
[Result "0-1"]
[WhiteElo "2222"]
[BlackElo "2409"]
[TimeControl "180+1"]
[EndTime "11:28:26 PST"]
[Termination "The_Machine04 won on time"]

1. d4 d6 2. Nf3 Nf6 3. c4 g6 4. Nc3 Bf5 5. Qb3 b6 6. Nh4 Bd7 7. e4 Bg7 8. Be2 e5 9. d5 Nxe4 10. Nxe4 Qxh4 11. Bf3 h6 12. c5 f5 13. Nc3 dxc5 14. d6 e4 15. Be2 cxd6 16. Qd5 Nc6 17.
Qxd6 Qf6 18. Qd5 Rd8 19. Bb5 Nb4 20. Bxd7+ Rxd7 21. Qb3 Nd3+ 22. Kf1 Qf7 23. Qb5 O-O 24. Be3 Rfd8 0-1

[Event "*** Titled Tuesday Blitz"]
[Site "Chess.com"]
[Date "2021.03.02"]
[Round "8"]
[White "pfalcon1949"]
[Black "esteban062000"]
[Result "1-0"]
[WhiteElo "2033"]
[BlackElo "2148"]
[TimeControl "180+1"]
[EndTime "11:28:27 PST"]
[Termination "pfalcon1949 won by resignation"]

1. c4 c5 2. Nc3 Nc6 3. g3 g6 4.
Bg2 Bg7 5. e4 e6 6. Nge2 Nge7 7.
O-O O-O 8. Rb1 a6 9. a3 d6 10. b4 cxb4 11. axb4 Rb8 12. b5 axb5 13. Rxb5 Bd7 14.
Rb1 Ne5 15. d3 Qa5 16. Bb2 N5c6 17. Nb5 d5 18. Bxg7 Kxg7 19. exd5 exd5 20. cxd5 Nb4 21.
Nf4 Bxb5 22. Qg4 Kh8 23. Qg5 Nf5 24. Qf6+ Ng7 25. Be4 Nc2 26. h4 Bd7 27. h5 Qd8 28.
Qc3 Na3 29. h6 f6 30. hxg7+ Kxg7 31. Qxa3 Ra8 32. Qb2 Bf5 33. Bxf5 gxf5 34. Ne6+ 1-0

[Event "*** Titled Tuesday Blitz"]
[Site "Chess.com"]
[Date "2021.03.02"]
[Round "8"]
[White "Jan1401"]
[Black "Michaelson_11"]
[Result "0-1"]
[WhiteElo "2365"]
[BlackElo "2281"]
[TimeControl "180+1"]
[EndTime "11:28:28 PST"]
[Termination "Michaelson_11 won by checkmate"]

1. e4 e6 2. d4 d5 3. Nd2 Nc6 4. Ngf3 Nf6 5. e5 Nd7 6. Nb3 a5 7. a4 Be7 8. c3 O-O 9. Bd3 f6 10. exf6 Nxf6 11. O-O Bd6 12. Bg5 e5 13. dxe5 Nxe5 14.
Nxe5 Bxe5 15. Bh4 Qd6 16. Bg3 Ng4 17. f4 Bxf4 18. Bxf4 Rxf4 19. Rxf4 Qxf4 20. Qf3 Qxh2+ 21. Kf1 Be6 22. Ke2 Rf8 23. Qh3 Rf2+ 24. Kd1 Qg1+ 25. Bf1 Qxf1# 0-1

[Event "*** Titled Tuesday Blitz"]
[Site "Chess.com"]
[Date "2021.03.02"]
[Round "8"]
[White "GasconJR"]
[Black "NikolaGry"]
[Result "0-1"]
[WhiteElo "2448"]
[BlackElo "2602"]
[TimeControl "180+1"]
[EndTime "11:28:29 PST"]
[Termination "NikolaGry won by resignation"]

1. e4 d5 2. exd5 Nf6 3. c4 c6 4. d4 cxd5 5. Nc3 e6 6. Nf3 Bb4 7. cxd5 Nxd5 8. Qc2 Nc6 9. Bd3 Nf6 10. O-O O-O 11. Be3 Be7 12. Rad1 Nb4 13. Qb1 Nxd3 14. Qxd3 b6 15. d5 exd5 16. Nxd5 Nxd5 17. Qxd5 Qxd5 18. Rxd5 Be6 19. Rd3 Bc4 20. Rd7 Bxf1 21. Kxf1 Bf6 22. b3 Rfd8 23. Rb7 h6 24. Ke2 Rac8 25. Rxa7 Rc2+ 26.
Nd2 b5 27. Rb7 Bc3 28. Rc7 b4 0-1

[Event "*** Titled Tuesday Blitz"]
[Site "Chess.com"]
[Date "2021.03.02"]
[Round "8"]
[White "Margency"]
[Black "AliKa2810"]
[Result "1-0"]
[WhiteElo "2702"]
[BlackElo "2558"]
[TimeControl "180+1"]
[EndTime "11:28:30 PST"]
[Termination "Margency won by resignation"]

1. e4 e6 2. d4 d5 3. exd5 exd5 4. c4 Nf6 5. Nc3 Bd6 6. cxd5 O-O 7. Nf3 Nbd7 8. Bc4 Nb6 9. Bb3 Re8+ 10. Be3 Ng4 11. Qd3 a5 12. a3 a4 13. Ba2 Qf6 14. O-O Bf5 15. Qd2 Rxe3 16. fxe3 Qh6 17. h3 Qxe3+ 18. Qxe3 Nxe3 19. Rf2 h6 20. Re1 Nec4 21. Rfe2 Ra5 22. Ne5 Nxe5 23. dxe5 Bc5+ 24. Kh1 Bd4 25. e6 fxe6 26.
dxe6 Kf8 27. e7+ Ke8 28. Bf7+ 1-0

[Event "*** Titled Tuesday Blitz"]
[Site "Chess.com"]
[Date "2021.03.02"]
[Round "8"]
[White "jordanasoul"]
[Black "VladimirBugayev"]
[Result "0-1"]
[WhiteElo "2136"]
[BlackElo "2292"]
[TimeControl "180+1"]
[EndTime "11:28:32 PST"]
[Termination "VladimirBugayev won by resignation"]

1. e4 c6 2. d4 d5 3. Nc3 dxe4 4.
Nxe4 Nf6 5. Ng3 h5 6. h4 Bg4 7. Nf3 g6 8. Be2 Bxf3 9. Bxf3 e6 10. Bg5 Nbd7 11. Qd2 Qb6 12. O-O Bg7 13. c3 O-O 14. b4 a5 15. a3 axb4 16. axb4 Qb5 17. Be2 Qd5 18. c4 Qd6 19. Bf4 Qe7 20. Bf3 Rfd8 21. b5 Rxa1 22. Rxa1 e5 23. Re1 Qd6 24. bxc6 exf4 25. cxd7 fxg3 26. Bxb7 gxf2+ 27. Qxf2 Rxd7 0-1

[Event "*** Titled Tuesday Blitz"]
[Site "Chess.com"]
[Date "2021.03.02"]
[Round "8"]
[White "Yaryi_sergey"]
[Black "Sjakkerntobi"]
[Result "1/2-1/2"]
[WhiteElo "2481"]
[BlackElo "2343"]
[TimeControl "180+1"]
[EndTime "11:28:33 PST"]
[Termination "Game drawn by repetition"]

1. e4 e6 2. Nf3 d5 3. d3 Nf6 4. e5 Nfd7 5. d4 c5 6. c3 Nc6 7. dxc5 Bxc5 8. Bf4 Qb6 9. Qd2 a5 10. Bd3 Qc7 11. Qe2 h6 12. h4 a4 13. Nbd2 d4 14.
Ne4 Be7 15. cxd4 Nb4 16. O-O Nxd3 17. Qxd3 b6 18. Rac1 Qb8 19. Nd6+ Bxd6 20. exd6 Ba6 21. Qe4 Bxf1 22. Kxf1 O-O 23. Rc7 Nf6 24. Qe5 Ra5 25. Qe3 Nd5 26. Qc1 Nxc7 27. dxc7 Qc8 28. Ne5 Qb7 29. Nc6 Raa8 30. Bxh6 Rfe8 31. Bxg7 Kxg7 32. Qg5+ Kh7 33. Qh5+ Kg8 34. Qg5+ Kh8 35. Qh5+ Kg7 36. Qg5+ Kf8 37. Qh6+ Kg8 38. Qg5+ Kh7 39. Qh5+ Kg7 40. Qg5+ 1/2-1/2

[Event "*** Titled Tuesday Blitz"]
[Site "Chess.com"]
[Date "2021.03.02"]
[Round "8"]
[White "fridaywins"]
[Black "Chamal_Gedgafov"]
[Result "1-0"]
[WhiteElo "2152"]
[BlackElo "2270"]
[TimeControl "180+1"]
[EndTime "11:28:33 PST"]
[Termination "fridaywins won by resignation"]

1. e4 e6 2. d4 d5 3. Nc3 Bb4 4. Ne2 dxe4 5. a3 Be7 6. Nxe4 Nd7 7. N2c3 Ngf6 8. Be2 b6 9. O-O Bb7 10. Bf3 Nxe4 11.
Nxe4 Rb8 12. Re1 Nf6 13. Nxf6+ Bxf6 14. Bxb7 Rxb7 15. c3 O-O 16. Qf3 Rb8 17. Bf4 Rc8 18. Rad1 Qd7 19. g4 Qb5 20. Qe2 Qd5 21. Qe4 Qxe4 22.
Rxe4 h6 23. d5 Rfd8 24. d6 cxd6 25. Rxd6 Rxd6 26. Bxd6 Rd8 27. Bf4 Rd1+ 28. Kg2 Rb1 29. Rb4 Kf8 30. Bb8 a5 31. Rxb6 Bxc3 32. Bd6+ Ke8 33.
Rb8+ Kd7 34. bxc3 Rc1 35. Bf8 Rxc3 36. Ra8 g6 37. Rxa5 Kc6 38. Bxh6 f5 39. gxf5 exf5 40. Be3 1-0

[Event "*** Titled Tuesday Blitz"]
[Site "Chess.com"]
[Date "2021.03.02"]
[Round "8"]
[White "Vamostodorecto"]
[Black "Kale36"]
[Result "0-1"]
[WhiteElo "2404"]
[BlackElo "2302"]
[TimeControl "180+1"]
[EndTime "11:28:35 PST"]
[Termination "Kale36 won by resignation"]

1. d4 Nc6 2. Nf3 d6 3. e4 Bg4 4. Be2 e5 5. d5 Nce7 6. O-O Nf6 7. Nc3 g6 8. Bg5 Bg7 9. h3 Bd7 10. Re1 O-O 11. Qd2 Ne8 12. Bh6 f5 13. Bxg7 Nxg7 14.
Ng5 f4 15. Bc4 Qc8 16. Nf3 a6 17. Kh2 h6 18. Ng1 g5 19. f3 h5 20. Qf2 Rf6 21. Nge2 Rh6 22. Bb3 Ng6 23. Ba4 b5 24. Bb3 g4 25. a4 b4 26. Na2 a5 27. Nac1 Kh7 28. Nd3 Qd8 29. Rac1 Qg5 30. fxg4 hxg4 31. Ng1 g3+ 0-1

[Event "*** Titled Tuesday Blitz"]
[Site "Chess.com"]
[Date "2021.03.02"]
[Round "8"]
[White "niki_2003"]
[Black "suneebaker"]
[Result "1-0"]
[WhiteElo "2017"]
[BlackElo "2147"]
[TimeControl "180+1"]
[EndTime "11:28:35 PST"]
[Termination "niki_2003 won by resignation"]

1. e4 e5 2. Nf3 Nc6 3. Bc4 Bc5 4. c3 Nf6 5. d3 a6 6. Bb3 Ba7 7. O-O h6 8. h3 O-O 9. Re1 d6 10. Nbd2 Qe7 11. Nf1 Be6 12. Bc2 d5 13. exd5 Bxd5 14. Ng3 Rfe8 15. d4 Qd7 16. Nxe5 Nxe5 17. dxe5 Nh7 18.
Bf5 Qc6 19. Qd3 Nf8 20. Nh5 Ng6 21. Bxh6 Bxg2 22. Bxg7 Bh1 23. Qg3 Rad8 24. Bf6 Rd2 25. Rf1 Kh7 26. Nf4 Qg2+ 27. Nxg2 1-0

[Event "*** Titled Tuesday Blitz"]
[Site "Chess.com"]
[Date "2021.03.02"]
[Round "8"]
[White "Ali-Farahat"]
[Black "CraiggoryC"]
[Result "1-0"]
[WhiteElo "2413"]
[BlackElo "2267"]
[TimeControl "180+1"]
[EndTime "11:28:36 PST"]
[Termination "Ali-Farahat won by resignation"]

1. e4 e6 2. d4 d5 3. Nd2 Be7 4.
Ngf3 Nf6 5. e5 Nfd7 6. c3 c5 7. Bd3 Nc6 8. O-O a5 9. Re1 cxd4 10. cxd4 Qb6 11. a3 Nxd4 12. Nxd4 Qxd4 13. Nf3 Qb6 14. Qa4 O-O 15. Bg5 Bc5 16. Qh4 g6 17. Rac1 Re8 18.
Rc2 Bf8 19. Rec1 Nc5 20. Be3 Be7 21. Ng5 Bxg5 22. Qxg5 Nxd3 23. Bxb6 Nxc1 24. Rxc1 Bd7 25. Qf6 Rac8 26. Be3 Rxc1+ 27. Bxc1 Rc8 28. Bh6 Rc1+ 1-0

[Event "*** Titled Tuesday Blitz"]
[Site "Chess.com"]
[Date "2021.03.02"]
[Round "8"]
[White "JoliyRoger"]
[Black "Chernobay_Artem"]
[Result "0-1"]
[WhiteElo "2470"]
[BlackElo "2616"]
[TimeControl "180+1"]
[EndTime "11:28:39 PST"]
[Termination "Chernobay_Artem won on time"]

1. d4 g6 2. c4 Bg7 3. e4 d6 4. h3 e6 5. Nf3 Ne7 6. Nc3 Nd7 7. Bg5 h6 8. Be3 O-O 9. Qd2 Kh7 10. g4 b6 11. h4 Bb7 12. h5 g5 13. Bd3 f5 14.
gxf5 exf5 15. d5 f4 16. Bd4 Bxd4 17. Nxd4 Ne5 18. O-O-O Bc8 19. Rde1 Ng8 20. f3 Nf6 21. Bf1 Qe7 22. b3 a6 23. Kb2 Bd7 24. a3 Rfb8 25. Bh3 Bxh3 26. Rxh3 b5 27. cxb5 axb5 0-1

[Event "*** Titled Tuesday Blitz"]
[Site "Chess.com"]
[Date "2021.03.02"]
[Round "8"]
[White "seorobert1971"]
[Black "tigra"]
[Result "0-1"]
[WhiteElo "2661"]
[BlackElo "2869"]
[TimeControl "180+1"]
[EndTime "11:28:42 PST"]
[Termination "tigra won by resignation"]

1. Nf3 Nc6 2. d4 d5 3. c4 Bg4 4. Nc3 dxc4 5. e3 e5 6. d5 Bxf3 7. gxf3 Nce7 8. Bxc4 Nc8 9. Bd2 Nd6 10. Bb3 Be7 11.
Ba4+ Kf8 12. Qe2 Nf6 13. O-O-O Nd7 14. e4 Nc5 15. Bc2 a6 16. Be3 Nd7 17. f4 g5 18.
fxe5 Nxe5 19. Bd4 Bf6 20. Kb1 Qe7 21. Rhf1 Ng6 22. f3 Re8 23. Bc5 h5 24. Qd2 Be5 25.
Rh1 Kg7 26. Ne2 h4 27. Nd4 Qf6 28. Rhf1 h3 29. Ba4 b5 30. Bc2 Nf4 31. Bxd6 cxd6 32.
Nf5+ Kg6 33. Bd3 Rc8 34. Rg1 Rc7 35. Ne3 Rhc8 36. Ng4 Qh8 37. Rdf1 a5 38. Bxb5 Rc2 39. Qxc2 Rxc2 40. Kxc2 Bxb2 41. e5 Bxe5 42. Bd3+ f5 43. Ne3 Qc8+ 44. Nc4 Qc5 0-1

[Event "*** Titled Tuesday Blitz"]
[Site "Chess.com"]
[Date "2021.03.02"]
[Round "8"]
[White "Grieve72"]
[Black "kai_nov"]
[Result "0-1"]
[WhiteElo "2523"]
[BlackElo "2408"]
[TimeControl "180+1"]
[EndTime "11:28:45 PST"]
[Termination "kai_nov won on time"]

1. e4 c5 2. Nf3 Nc6 3. d4 cxd4 4. Nxd4 Nf6 5. Nc3 e5 6. Ndb5 d6 7. Bg5 a6 8. Na3 b5 9. Nd5 Be7 10. Bxf6 Bxf6 11. c3 O-O 12. Nc2 Bg5 13. a4 bxa4 14.
Rxa4 a5 15. Bc4 Kh8 16. Nce3 Rb8 17. b3 g6 18. O-O f5 19. exf5 gxf5 20. f4 exf4 21.
Nxf4 Qb6 22. Qf3 Ne5 23. Qf2 Bxf4 24. Qxf4 Ng4 25. Re1 Re8 26. Raa1 Rxe3 27. Kf1 Bb7 28. h3 Rf3+ 0-1

[Event "*** Titled Tuesday Blitz"]
[Site "Chess.com"]
[Date "2021.03.02"]
[Round "8"]
[White "GoltsevDmitry2000"]
[Black "CSB7"]
[Result "1-0"]
[WhiteElo "2742"]
[BlackElo "2581"]
[TimeControl "180+1"]
[EndTime "11:28:46 PST"]
[Termination "GoltsevDmitry2000 won on time"]

1. e4 c5 2. Nf3 d6 3. d4 cxd4 4.
Nxd4 Nf6 5. Nc3 a6 6. Be2 e5 7. Nb3 Be6 8. O-O Nbd7 9. f4 Rc8 10.
f5 Bc4 11. Be3 Be7 12. Qd2 O-O 13. h3 d5 14. exd5 Bb4 15. Bxc4 Rxc4 16. Qd3 Qc7 17. Nd2 Rh4 18. Rad1 Bxc3 19. bxc3 e4 20. Qd4 Rxh3 21.
Bf4 Qxc3 22. Nxe4 Qxd4+ 23. Rxd4 Rh5 24. Ng3 Rh4 25. c4 Rc8 26. d6 b5 27. cxb5 axb5 28.
Rb1 g5 29. fxg6 hxg6 30. Rxb5 Rc2 31. a4 Ra2 32. a5 Rg4 33. Rdb4 Kh7 34. Kf1 Nf8 35. Ne2 Ne6 36. Be3 Rxb4 37. Rxb4 1-0